Map: Ascension to Aiur LE

Players

SolO - Winner!

  • Race: Zerg Zerg
  • Spawn Location: 11:00

Allaryce

  • Race: Zerg Zerg
  • Spawn Location: 5:00

Event: WCS Valencia 2017

VOD

Have the link to the VOD?

Description

Time

  • Played on: July 13, 2017, 7:05 a.m.
  • Length: 8:31

All games in this series

Show
View Real Time Build Order
Export as new Build Order

SolO Zerg - Winner!

Build Orders: Pool First 

Get SALT Encoding   

  12  0:00  Drone  
  13  0:12  Overlord  
  13  0:17  Drone  
  14  0:30  Drone x2  
  14  0:35  Drone  
  17  0:44  Spawning Pool  
  17  0:48  Drone  
  17  1:09  Hatchery  
  16  1:13  Drone  
  16  1:16  Drone  
  16  1:17  Extractor  
  17  1:30  Queen  
  17  1:31  Zergling x2  
  20  1:35  Zergling x2  
  21  1:41  Overlord  
  21  1:49  Zergling x2  
  22  2:01  Drone  
  22  2:06  Queen  
  25  2:11  Drone  
  26  2:17  Metabolic Boost  
  26  2:22  Queen  
  28  2:26  Drone  
  29  2:38  Drone  
  29  2:39  Drone x3  
  33  2:48  Drone  
  33  2:49  Baneling Nest  
  33  2:54  Overlord  
  33  2:58  Drone  
  33  3:02  Zergling x2  
  33  3:03  Zergling x2  
  36  3:13  Zergling x4  
  36  3:18  Zergling x6  
  36  3:19  Zergling x2  
  42  3:32  Overlord  
  42  3:44  Overlord  
  42  3:46  Hatchery  
  41  3:49  Baneling  
  41  3:52  Baneling  
  41  3:53  Drone  
  41  3:54  Drone x2  
  44  3:56  Baneling x2  
  44  4:02  Drone x3  
  45  4:10  Zergling x2  
  45  4:11  Zergling x6  
  47  4:20  Zergling x4  
  47  4:25  Drone x2  
  47  4:30  Drone  
  47  4:31  Drone x2  
  50  4:42  Baneling x2  
  50  4:43  Baneling  
  51  4:45  Drone  
  51  4:46  Extractor x2  
  51  4:49  Drone, Overlord  
  51  4:52  Evolution Chamber, Roach Warren  
  47  5:01  Drone x2  
  47  5:02  Drone  
  49  5:11  Zergling x2  
  49  5:12  Zergling x12  
  55  5:24  Zergling x4  
  55  5:25  Zergling x8  
  61  5:35  Drone x2  
  63  5:41  Drone x2  
  65  5:44  Lair, Zerg Missile Weapons Level 1  
  65  5:49  Drone  
  66  5:50  Overlord x2  
  64  6:02  Drone x3  
  58  6:06  Drone x3  
  58  6:08  Extractor  
  58  6:10  Drone x2  
  64  6:13  Roach x2  
  68  6:18  Roach x2  
  68  6:19  Roach x2  
  68  6:24  Drone  
  68  6:25  Drone x2  
  77  6:30  Overlord  
  81  6:32  Roach  
  81  6:33  Roach  
  81  6:38  Roach  
  80  6:42  Glial Reconstitution  
  80  6:44  Overlord  
  80  6:47  Drone  
  80  6:48  Queen  
  80  6:51  Drone x5  
  88  6:55  Overlord  
  88  6:57  Ravager  
  88  7:00  Overlord  
  89  7:04  Roach x3  
  89  7:07  Ravager  
  89  7:08  Ravager  
  97  7:11  Overlord  
  95  7:21  Roach  
  95  7:22  Roach x5  
  102  7:34  Ravager x2, Overlord x2  
  102  7:35  Roach  
  102  7:36  Roach x3  
  111  7:41  Roach  
  111  7:42  Roach x2  
  117  7:47  Overlord x2  
  117  7:48  Extractor  
  116  8:02  Roach x3  
  116  8:03  Zergling x12  
  128  8:07  Roach x2  
  128  8:11  Overlord  
  132  8:16  Overseer  
Show
View Real Time Build Order
Export as new Build Order

Allaryce Zerg 

Build Orders: Hatch First 

Get SALT Encoding   

  12  0:01  Drone  
  13  0:12  Overlord  
  13  0:18  Drone  
  14  0:31  Drone x2  
  14  0:35  Drone  
  17  0:53  Hatchery  
  16  0:57  Drone  
  17  1:07  Extractor, Drone  
  17  1:16  Spawning Pool  
  17  1:18  Drone  
  17  1:24  Drone  
  18  1:33  Drone  
  18  1:39  Overlord  
  19  2:04  Zergling x4  
  19  2:05  Queen  
  23  2:09  Queen  
  23  2:10  Metabolic Boost  
  23  2:13  Zergling x2  
  26  2:18  Drone  
  26  2:21  Drone  
  28  2:24  Drone  
  28  2:27  Drone  
  30  2:36  Drone  
  30  2:42  Drone  
  31  2:45  Drone  
  31  2:49  Queen  
  33  2:57  Drone x2  
  35  3:02  Baneling Nest  
  35  3:03  Overlord  
  34  3:21  Drone  
  34  3:22  Overlord  
  35  3:27  Overlord  
  35  3:37  Zergling x2  
  35  3:38  Overlord x2  
  36  3:49  Zergling x10  
  40  3:59  Baneling  
  39  4:07  Zergling x2  
  39  4:08  Zergling x8  
  40  4:22  Zergling x14  
  40  4:27  Roach Warren  
  40  4:31  Baneling  
  35  4:32  Baneling x2  
  35  4:42  Drone x3  
  38  4:54  Drone x3  
  38  4:58  Drone x3  
  43  5:05  Zergling x2  
  41  5:12  Zergling x2  
  33  5:17  Roach  
  33  5:21  Roach  
  32  5:37  Zergling x6  
  32  5:38  Zergling x6  
  32  5:42  Baneling x2  
  35  5:48  Drone  
  35  5:49  Drone  
  32  5:55  Queen  
  34  6:01  Evolution Chamber  
  30  6:07  Drone  
  30  6:08  Drone  
  32  6:12  Drone x2  
  34  6:25  Queen  
  36  6:26  Drone x2  
  36  6:28  Zerg Melee Weapons Level 1  
  36  6:31  Roach  
  35  6:44  Roach x5  
  35  6:47  Drone  
  45  6:53  Roach  
  47  7:00  Roach  
  49  7:06  Overlord  
  49  7:09  Roach  
  49  7:11  Lair  
  47  7:26  Roach x4  
  53  7:45  Ravager  
  53  7:47  Drone x2  
  56  7:53  Hatchery  
  56  7:56  Drone x3  
  58  8:04  Drone x2  
  60  8:09  Drone x2  
  62  8:16  Ravager  
Tags
 
Add a new tag
Caveats
  • Supply blocks, unpowered buildings, or Contaminate may cause inaccurate times.
  • Supply counts are checked every 10 seconds.